 Dungeon Sprint DCSS version 0.24.1-14-gf8d2b509d9 (webtiles) character file.

Game seed: 819924709548079780, levelgen mode: deterministic

60326 sahdkjhfkaj the Opulent (level 14, -2/123 HPs)
             Began as a Gnoll Transmuter on Sept 28, 2020.
             Was an Initiate of Gozag.
             Slain by a white ugly thing (23 damage)
             ... in the Dungeon (Sprint IX: "|||||||||||||||||||||||||||||").
             The game lasted 00:15:44 (7134 turns).

sahdkjhfkaj the Opulent (Gnoll Transmuter)          Turns: 7134, Time: 00:15:46

Health: -2/123     AC: 15    Str: 15    XL:     14   Next: 98%
Magic:  21/33      EV: 24    Int: 25    God:    Gozag
Gold:   7351       SH:  0    Dex: 17    Spells: 8/44 levels left

rFire    + . .     SeeInvis .     - Unarmed
rCold    . . .     Gourm    .   (no shield)
rNeg     . . .     Faith    .   b - +0 robe
rPois    .         Spirit   .   t - +2 helmet {Int+3}
rElec    .         Reflect  .   B - +1 cloak
rCorr    .         Harm     .   A - +1 pair of gloves
MR       +....     NoTele   +   p - +1 pair of boots
Stlth    ++++++....             (no amulet)
HPRegen  0.30/turn              x - ring of protection from fire
MPRegen  0.23/turn              z - +5 ring of intelligence

@: marked, gold aura, deflect missiles
A: distributed training, fangs 1, strong nose
a: Potion Petition, Call Merchant, Bribe Branch, Renounce Religion


You were in the Dungeon.
You worshipped Gozag.
Gozag was greatly pleased with you.
You were not hungry.

You visited 1 branch You collected 15745 gold pieces.
You spent 7192 gold pieces at shops.
You paid 1202 gold pieces to Gozag.

Inventory:

Missiles
 n - 28 arrows
Armour
 b - a +0 robe (worn)
 p - a +1 pair of boots (worn)
 t - a +2 helmet of intelligence (worn)
 A - a +1 pair of gloves (worn)
 B - a +1 cloak (worn)
Magical Staves
 a - an uncursed staff of energy
Jewellery
 l - an uncursed ring of fire
 q - a +2 ring of evasion
 r - a +3 ring of dexterity
 x - a ring of protection from fire (left hand)
 y - an uncursed ring of poison resistance
 z - a +5 ring of intelligence (right hand)
Wands
 g - a wand of flame (10)
 m - a wand of iceblast (10)
Scrolls
 j - 2 scrolls of blinking
 k - 4 scrolls of remove curse
 u - 2 scrolls of fear
 v - 3 scrolls of identify
 w - 2 scrolls of enchant weapon
 D - 4 scrolls of enchant armour
Potions
 c - a potion of invisibility
 e - 7 potions of curing
 f - 11 potions of heal wounds
 h - 3 potions of magic
 i - a potion of resistance
 o - a potion of agility
 s - a potion of mutation
 C - a potion of berserk rage
Comestibles
 d - 11 rations


   Skills:
 + Level 15.1 Fighting
 + Level 15.0 Short Blades
 + Level 15.0 Long Blades
 + Level 15.0 Axes
 + Level 15.0 Maces & Flails
 + Level 15.0 Polearms
 + Level 15.0 Staves
 + Level 15.0 Slings
 + Level 15.0 Bows
 + Level 15.0 Crossbows
 + Level 15.0 Throwing
 + Level 15.0 Armour
 + Level 15.5 Dodging
 + Level 15.0 Stealth
 + Level 15.0 Shields
 + Level 16.0 Unarmed Combat
 + Level 15.6 Spellcasting
 + Level 12.9 Conjurations
 + Level 12.9 Hexes
 + Level 12.9 Charms
 + Level 12.9 Summonings
 + Level 12.9 Necromancy
 + Level 12.9 Translocations
 + Level 13.3 Transmutations
 + Level 12.9 Fire Magic
 + Level 12.9 Ice Magic
 + Level 12.9 Air Magic
 + Level 12.9 Earth Magic
 + Level 12.9 Poison Magic
 + Level 16.1 Invocations
 + Level 15.0 Evocations


You had 8 spell levels left.
You knew the following spells:

 Your Spells              Type           Power        Failure   Level  Hunger
a - Bolt of Cold          Conj/Ice       ######....   1%          6    ####...
b - Passage of Golubria   Tloc           N/A          1%          4    None
c - Conjure Flame         Conj/Fire      ######..     1%          3    None
F - Ice Form              Ice/Tmut       ######..     1%          4    None
I - Irradiate             Conj/Tmut      ######....   1%          5    #......
M - Deflect Missiles      Chrm/Air       ######....   1%          6    ####...
S - Statue Form           Tmut/Erth      ######...    1%          6    ####...
T - Sticks to Snakes      Tmut           ######..     1%          2    None

Your spell library contained the following spells:

 Spells                   Type           Power        Failure   Level  Hunger
 Beastly Appendage        Tmut           ######       0%          1    None
 Flame Tongue             Conj/Fire      #####        0%          1    None
 Shock                    Conj/Air       ####         0%          1    None
 Blink                    Tloc           N/A          1%          2    None
 Shroud of Golubria       Chrm/Tloc      ######       1%          2    None
 Throw Flame              Conj/Fire      ######       1%          2    None
 Gell's Gravitas          Tloc           ######....   1%          3    None
 Inner Flame              Hex/Fire       ######..     1%          3    None
 Lesser Beckoning         Tloc           ######....   1%          3    None
 Spider Form              Tmut/Pois      ######....   1%          3    None
 Static Discharge         Conj/Air       ######..     1%          3    None
 Teleport Other           Tloc           ######..     1%          3    None
 Sticky Flame             Conj/Fire      ######..     1%          4    None
 Blade Hands              Tmut           ######....   1%          5    #......
 Fireball                 Conj/Fire      ######....   1%          5    #......
 Lightning Bolt           Conj/Air       ######....   1%          5    #......
 Metabolic Englaciation   Hex/Ice        ######....   1%          5    #......
 Summon Forest            Summ/Tloc      ######....   1%          5    #......
 Freezing Cloud           Conj/Ice/Air   ######....   1%          6    ####...
 Hydra Form               Tmut           ######....   1%          6    ####...
 Ozocubu's Refrigeration  Ice            ######....   1%          6    ####...
 Simulacrum               Ice/Necr       ######....   1%          6    ####...
 Dragon Form              Tmut           ######....   10%         7    ######.
 Summon Hydra             Summ           ######....   12%         7    ######.
 Ignition                 Fire           ######....   65%         8    #######
 Shatter                  Erth           ######....   100%        9    #######
 Tornado                  Air            ######....   100%        9    #######


Dungeon Overview and Level Annotations

Branches:
Dungeon (1/1)

Altars:
Cheibriados
Dithmenos
Elyvilon
Fedhas
Gozag
Hepliaklqana
Kikubaaqudgha
Makhleb
Nemelex Xobeh
Okawaru
Qazlal
Ru
Sif Muna
Trog
Uskayaw
Vehumet
Wu Jian
Xom
Yredelemnul
Zin
The Shining One
Beogh
Jiyva
Lugonu

Shops:
D ==**:%


Innate Abilities, Weirdness & Mutations

Your experience applies equally to all skills.
You have very sharp teeth.
Your uncanny sense of smell can sniff out nearby items.


Message History

You see here 63 gold pieces.
Unknown command.
You barely miss the white ugly thing.
The white ugly thing is no longer distracted by gold.
The white ugly thing closely misses you.
Unknown command.
You pummel the white ugly thing!!
The white ugly thing is heavily wounded.
You revert to your normal fleshy form.
Your +1 pair of gloves unmelds from your body.
Your +1 pair of boots unmelds from your body.
Your +0 robe unmelds from your body.
The white ugly thing barely misses you.
You hit the white ugly thing but do no damage.
You bite the white ugly thing, but do no damage.
The white ugly thing is heavily wounded.
The white ugly thing engulfs you!
* * * LOW HITPOINT WARNING * * *
The white ugly thing freezes you!!
You die...
Your body crumbles into a pile of gold.

∆∆∆∆∆∆∆ ∆∆∆∆∆∆ ∆∆∆
▓▓▓▓▓▓▓▓▓▓▓▓▓▓▓▓▓▓▓▓▓▓▓▓
......u@$$$$$$$$$^^$$+∆.
▓▓▓▓▓▓▓▓▓▓▓▓▓▓▓▓▓▓▓▓▓▓▓▓▓▓▓▓▓▓▓▓▓
.................................
▓▓▓▓▓▓▓▓▓▓▓▓▓▓▓▓▓▓▓▓▓▓▓▓▓▓▓▓▓▓▓▓▓
...........'.........'....))).)'.
▓▓▓▓▓▓▓▓▓▓▓▓▓▓▓▓▓▓▓▓▓▓▓▓▓▓▓▓▓▓▓▓▓
..)..............................
▓▓▓▓▓▓▓▓▓▓▓▓▓▓▓▓▓▓▓▓▓▓▓▓▓▓▓▓▓▓▓▓▓
........'........).))()('....(...


You could see a white ugly thing.

Vanquished Creatures
  A thorn hunter (D)
  A tengu reaver (D)
  3 frost giants (D)
  2 vault wardens (D)
  An emperor scorpion (D)
  A spriggan defender (D)
  3 stone giants (D)
  2 ironheart preservers (D)
  A very ugly thing (D)
  Nessos (D)
  A vampire knight (D)
  An ettin (D)
  Josephine (D)
  2 merfolk impalers (D)
  4 fire dragons (D)
  A great orb of eyes (D)
  3 yaktaur captains (D)
  An ice dragon (D)
  2 ogre magi (D)
  A death yak (D)
  An alligator (D)
  A tengu warrior (D)
  A spriggan berserker (D)
  2 shock serpents (D)
  A naga sharpshooter (D)
  A hell knight (D)
  3 orc high priests (D)
  A deep elf knight (D)
  A spriggan (D)
  A sea snake (D)
  A naga ritualist (D)
  A wizard (D)
  2 orb spiders (D)
  4 orc knights (D)
  A mana viper (D)
  2 ugly things (D)
  An orc sorcerer (D)
  A wolf spider (D)
  3 manticores (D)
  A deep elf mage (D)
  A guardian serpent (D)
  3 vault sentinels (D)
  2 black mambas (D)
  A water nymph (D)
  A naga mage (D)
  A torpor snail (D)
  3 spiny frogs (D)
  2 rime drakes (D)
  A komodo dragon (D)
  4 demonic crawlers (D)
  2 freezing wraiths (D)
  An efreet (D)
  2 yaktaurs (D)
  2 hornets (D)
  2 merfolk (D)
  A polar bear (D)
  4 tyrant leeches (D)
  A slime creature (D)
  4 hippogriffs (D)
  2 blink frogs (D)
  A redback (D)
  5 wraiths (D)
  A spriggan (shapeshifter) (D)
  Grum (D)
  A vampire mosquito (D)
  3 wargs (D)
  An acid dragon (D)
  A porcupine (D)
  2 insubstantial wisps (D)
  A water moccasin (D)
  A hell hound (D)
  2 soldier ants (D)
  12 orc warriors (D)
  An ice beast (D)
  8 wolves (D)
  A crocodile (D)
  3 bullfrogs (D)
  2 crimson imps (D)
  3 orc priests (D)
  6 orc wizards (D)
  A worker ant (D)
  An adder (D)
  13 orcs (D)
  2 bats (D)
  2 bat zombies (D)
  A giant cockroach (D)
  A goblin (D)
  A hobgoblin (D)
  A kobold (D)
  2 quokkas (D)
  A ball python zombie (D)
  A quokka skeleton (D)
186 creatures vanquished.

Vanquished Creatures (collateral kills)
  An adder (D)
  A giant cockroach (D)
2 creatures vanquished.

Grand Total: 188 creatures vanquished

Notes
Turn   | Place    | Note
-------+----------+-------------------------------------------
     0 | D        | sahdkjhfkaj the Gnoll Transmuter began the quest for the
                  | Orb.
     0 | D        | Reached XP level 1. HP: 17/17 MP: 6/6
    15 | D        | Reached skill level 5 in Spellcasting
    16 | D        | Reached skill level 1 in Invocations
    17 | D        | Reached skill level 1 in Short Blades
    17 | D        | Reached skill level 1 in Long Blades
    17 | D        | Reached skill level 1 in Axes
    17 | D        | Reached skill level 1 in Maces & Flails
    17 | D        | Reached skill level 1 in Polearms
    17 | D        | Reached skill level 1 in Staves
    17 | D        | Reached skill level 1 in Slings
    17 | D        | Reached skill level 1 in Bows
    17 | D        | Reached skill level 1 in Crossbows
    17 | D        | Reached skill level 1 in Throwing
    17 | D        | Reached skill level 1 in Armour
    17 | D        | Reached skill level 1 in Stealth
    17 | D        | Reached skill level 1 in Shields
    17 | D        | Reached skill level 1 in Evocations
    17 | D        | Reached XP level 2. HP: 21/23 MP: 8/8
    21 | D        | Learned a level 2 spell: Sticks to Snakes
    38 | D        | Reached skill level 1 in Conjurations
    38 | D        | Reached skill level 1 in Hexes
    38 | D        | Reached skill level 1 in Charms
    38 | D        | Reached skill level 1 in Summonings
    38 | D        | Reached skill level 1 in Necromancy
    38 | D        | Reached skill level 1 in Translocations
    38 | D        | Reached skill level 1 in Fire Magic
    38 | D        | Reached skill level 1 in Ice Magic
    38 | D        | Reached skill level 1 in Air Magic
    38 | D        | Reached skill level 1 in Earth Magic
    38 | D        | Reached skill level 1 in Poison Magic
    56 | D        | Reached XP level 3. HP: 15/29 MP: 4/9
   270 | D        | Learned a level 3 spell: Spider Form
   279 | D        | Found a roughly hewn altar of Beogh.
   279 | D        | Found a snail-covered altar of Cheibriados.
   279 | D        | Found a shadowy altar of Dithmenos.
   279 | D        | Found a white marble altar of Elyvilon.
   279 | D        | Found a blossoming altar of Fedhas.
   279 | D        | Found an opulent altar of Gozag.
   280 | D        | Found a hazy altar of Hepliaklqana.
   281 | D        | Found a viscous altar of Jiyva.
   282 | D        | Found an ancient bone altar of Kikubaaqudgha.
   283 | D        | Found a corrupted altar of Lugonu.
   284 | D        | Found a burning altar of Makhleb.
   285 | D        | Found a sparkling altar of Nemelex Xobeh.
   286 | D        | Found an iron altar of Okawaru.
   287 | D        | Found a stormy altar of Qazlal.
   288 | D        | Found a sacrificial altar of Ru.
   291 | D        | Became a worshipper of Gozag Ym Sagoz the Greedy
   294 | D        | Found a shimmering blue altar of Sif Muna.
   295 | D        | Found a bloodstained altar of Trog.
   296 | D        | Found a hide-covered altar of Uskayaw.
   297 | D        | Found a radiant altar of Vehumet.
   298 | D        | Found an ornate altar of the Wu Jian Council.
   299 | D        | Found a shimmering altar of Xom.
   300 | D        | Found a basalt altar of Yredelemnul.
   301 | D        | Found a glowing silver altar of Zin.
   302 | D        | Found a glowing golden altar of the Shining One.
   342 | D        | Noticed a hippogriff
   342 | D        | Noticed an ice beast
   345 | D        | Killed an ice beast
   345 | D        | Reached skill level 5 in Dodging
   345 | D        | Reached XP level 4. HP: 19/37 MP: 6/11
   356 | D        | Killed a hippogriff
   356 | D        | Reached skill level 5 in Fighting
   356 | D        | Reached skill level 5 in Transmutations
   356 | D        | Reached XP level 5. HP: 20/44 MP: 8/14
   356 | D        | Reached XP level 6. HP: 23/51 MP: 8/15
   362 | D        | Reached skill level 5 in Invocations
   528 | D        | Noticed an orc warrior
   528 | D        | Noticed a vampire mosquito
   528 | D        | Noticed a soldier ant
   528 | D        | Noticed a brown ugly thing
   539 | D        | Killed a brown ugly thing
   539 | D        | Reached skill level 5 in Short Blades
   539 | D        | Reached skill level 5 in Long Blades
   539 | D        | Reached skill level 5 in Axes
   539 | D        | Reached skill level 5 in Maces & Flails
   539 | D        | Reached skill level 5 in Polearms
   539 | D        | Reached skill level 5 in Staves
   539 | D        | Reached skill level 5 in Slings
   539 | D        | Reached skill level 5 in Bows
   539 | D        | Reached skill level 5 in Crossbows
   539 | D        | Reached skill level 5 in Throwing
   539 | D        | Reached skill level 5 in Armour
   539 | D        | Reached skill level 5 in Stealth
   539 | D        | Reached skill level 5 in Shields
   539 | D        | Reached skill level 5 in Evocations
   539 | D        | Reached XP level 7. HP: 59/59 MP: 14/18
   543 | D        | Killed a soldier ant
   543 | D        | Reached XP level 8. HP: 65/65 MP: 14/19
   546 | D        | Reached skill level 5 in Conjurations
   546 | D        | Reached skill level 5 in Hexes
   546 | D        | Reached skill level 5 in Charms
   546 | D        | Reached skill level 5 in Summonings
   546 | D        | Reached skill level 5 in Necromancy
   546 | D        | Reached skill level 5 in Translocations
   546 | D        | Reached skill level 5 in Fire Magic
   546 | D        | Reached skill level 5 in Ice Magic
   546 | D        | Reached skill level 5 in Air Magic
   546 | D        | Reached skill level 5 in Earth Magic
   546 | D        | Reached skill level 5 in Poison Magic
   682 | D        | Noticed a spiny frog
   682 | D        | Noticed a blink frog
   682 | D        | Noticed a blink frog
   693 | D        | Noticed a death yak
   706 | D        | Noticed a spiny frog
   709 | D        | Killed a spiny frog
   712 | D        | Killed a blink frog
   712 | D        | Reached XP level 9. HP: 58/72 MP: 21/21
  1058 | D        | Learned a level 4 spell: Ice Form
  1077 | D        | Killed a spiny frog
  1077 | D        | Reached skill level 10 in Unarmed Combat
  1105 | D        | Killed a death yak
  1354 | D        | Bought a ration for 65 gold pieces
  1354 | D        | Bought a ration for 65 gold pieces
  1354 | D        | Bought a ration for 65 gold pieces
  1354 | D        | Bought a ration for 65 gold pieces
  1354 | D        | Bought a ration for 65 gold pieces
  1354 | D        | Bought a ration for 65 gold pieces
  1354 | D        | Bought a ration for 65 gold pieces
  1443 | D        | Noticed a rime drake
  1443 | D        | Noticed a komodo dragon
  1443 | D        | Noticed a rime drake
  1446 | D        | Noticed a polar bear
  1453 | D        | Reached XP level 10. HP: 63/82 MP: 19/23
  1462 | D        | Noticed a spiny frog
  1471 | D        | Reached skill level 10 in Spellcasting
  1828 | D        | Killed a spiny frog
  1828 | D        | Reached skill level 10 in Dodging
  1886 | D        | Reached skill level 10 in Invocations
  1899 | D        | Bought a book of Transfigurations for 990 gold pieces
  1906 | D        | Learned a level 6 spell: Statue Form
  2107 | D        | Learned a level 5 spell: Irradiate
  2220 | D        | Noticed an orc high priest
  2226 | D        | Killed an orc high priest
  2238 | D        | Reached XP level 11. HP: 85/90 MP: 21/25
  2405 | D        | Bought a book of the Tempests for 1260 gold pieces
  2412 | D        | Learned a level 5 spell: Lightning Bolt
  2542 | D        | Noticed an orc knight
  2548 | D        | Reached skill level 10 in Fighting
  2560 | D        | Killed an orc knight
  2829 | D        | Found Pocycwob's Assorted Antiques.
  2829 | D        | Noticed an orc high priest
  2829 | D        | Noticed an orc sorcerer
  2965 | D        | Bought the Almanac of Saltpetre for 1440 gold pieces
  2972 | D        | Learned a level 6 spell: Deflect Missiles
  3110 | D        | Paralysed by an orc sorcerer for 5 turns
  3115 | D        | Killed an orc sorcerer
  3118 | D        | Noticed an orc high priest
  3119 | D        | Killed an orc high priest
  3119 | D        | Reached skill level 10 in Short Blades
  3119 | D        | Reached skill level 10 in Long Blades
  3119 | D        | Reached skill level 10 in Axes
  3119 | D        | Reached skill level 10 in Maces & Flails
  3119 | D        | Reached skill level 10 in Polearms
  3119 | D        | Reached skill level 10 in Staves
  3119 | D        | Reached skill level 10 in Slings
  3119 | D        | Reached skill level 10 in Bows
  3119 | D        | Reached skill level 10 in Crossbows
  3119 | D        | Reached skill level 10 in Throwing
  3119 | D        | Reached skill level 10 in Armour
  3119 | D        | Reached skill level 10 in Stealth
  3119 | D        | Reached skill level 10 in Shields
  3119 | D        | Reached skill level 10 in Evocations
  3121 | D        | Found Dylash's Assorted Antiques.
  3122 | D        | Noticed an orc knight
  3130 | D        | Noticed a sun demon
  3135 | D        | Found Cetoll's Jewellery Boutique.
  3138 | D        | Killed an orc high priest
  3168 | D        | Killed an orc knight
  3225 | D        | Found Teih's Jewellery Shop.
  3444 | D        | Bought a book of Spatial Translocations for 1170 gold
                  | pieces
  3621 | D        | Noticed Josephine
  3628 | D        | Killed Josephine
  3886 | D        | Bought a book of Flames for 630 gold pieces
  3890 | D        | Learned a level 3 spell: Conjure Flame
  4294 | D        | Noticed Grum
  4297 | D        | Killed Grum
  4481 | D        | Noticed a deep elf mage
  4484 | D        | Killed a deep elf mage
  4485 | D        | Noticed a stone giant
  4489 | D        | Noticed a tengu reaver
  4493 | D        | Reached skill level 10 in Transmutations
  4493 | D        | Reached XP level 12. HP: 100/100 MP: 3/27
  4499 | D        | Killed a stone giant
  4500 | D        | Noticed a frost giant
  4507 | D        | Killed a tengu reaver
  4510 | D        | Noticed a fire dragon
  4523 | D        | Killed a frost giant
  4540 | D        | Killed a fire dragon
  4827 | D        | Bought a book of Ice for 1170 gold pieces
  4832 | D        | Learned a level 4 spell: Passage of Golubria
  5141 | D        | Noticed Nessos
  5164 | D        | Killed Nessos
  5164 | D        | Reached skill level 10 in Conjurations
  5164 | D        | Reached skill level 10 in Hexes
  5164 | D        | Reached skill level 10 in Charms
  5164 | D        | Reached skill level 10 in Summonings
  5164 | D        | Reached skill level 10 in Necromancy
  5164 | D        | Reached skill level 10 in Translocations
  5164 | D        | Reached skill level 10 in Fire Magic
  5164 | D        | Reached skill level 10 in Ice Magic
  5164 | D        | Reached skill level 10 in Air Magic
  5164 | D        | Reached skill level 10 in Earth Magic
  5164 | D        | Reached skill level 10 in Poison Magic
  5252 | D        | Noticed a thorn hunter
  5252 | D        | Noticed an alligator
  5258 | D        | Killed an alligator
  5259 | D        | Noticed a spriggan rider
  5276 | D        | Killed a thorn hunter
  5305 | D        | Killed a spriggan rider
  5305 | D        | Reached XP level 13. HP: 52/109 MP: 5/30
  5680 | D        | Noticed a merfolk impaler
  5695 | D        | Noticed a merfolk impaler
  5697 | D        | Killed a merfolk impaler
  5723 | D        | Killed a merfolk impaler
  5893 | D        | Noticed an emperor scorpion
  5912 | D        | Killed an emperor scorpion
  6037 | D        | Noticed a white very ugly thing
  6037 | D        | Noticed a fire dragon
  6037 | D        | Noticed a fire dragon
  6037 | D        | Noticed a frost giant
  6037 | D        | Noticed an ice dragon
  6042 | D        | Killed an ice dragon
  6043 | D        | Killed a frost giant
  6043 | D        | Killed a fire dragon
  6043 | D        | Noticed a great orb of eyes
  6048 | D        | Killed a white very ugly thing
  6049 | D        | Noticed a vampire knight
  6050 | D        | Killed a fire dragon
  6050 | D        | Reached XP level 14. HP: 119/119 MP: 2/32
  6057 | D        | Noticed a frost giant
  6063 | D        | Killed a vampire knight
  6064 | D        | Noticed a spriggan defender
  6067 | D        | Killed a frost giant
  6067 | D        | Reached skill level 15 in Unarmed Combat
  6077 | D        | Reached skill level 15 in Invocations
  6081 | D        | Killed a spriggan defender
  6091 | D        | Noticed a stone giant
  6106 | D        | Killed a stone giant
  6277 | D        | Learned a level 6 spell: Bolt of Cold
  6655 | D        | Bought a scroll of amnesia for 77 gold pieces
  7046 | D        | Noticed an ironheart preserver
  7046 | D        | Noticed a vault warden
  7058 | D        | Reached skill level 15 in Spellcasting
  7066 | D        | Killed a vault warden
  7066 | D        | Killed an ironheart preserver
  7066 | D        | Reached skill level 15 in Dodging
  7067 | D        | Noticed a stone giant
  7076 | D        | Noticed an ironheart preserver
  7083 | D        | Killed a stone giant
  7087 | D        | Killed an ironheart preserver
  7091 | D        | Noticed a vault warden
  7105 | D        | Reached skill level 15 in Fighting
  7115 | D        | Killed a vault warden
  7128 | D        | Reached skill level 15 in Short Blades
  7128 | D        | Reached skill level 15 in Long Blades
  7128 | D        | Reached skill level 15 in Axes
  7128 | D        | Reached skill level 15 in Maces & Flails
  7128 | D        | Reached skill level 15 in Polearms
  7128 | D        | Reached skill level 15 in Staves
  7128 | D        | Reached skill level 15 in Slings
  7128 | D        | Reached skill level 15 in Bows
  7128 | D        | Reached skill level 15 in Crossbows
  7128 | D        | Reached skill level 15 in Throwing
  7128 | D        | Reached skill level 15 in Armour
  7128 | D        | Reached skill level 15 in Stealth
  7128 | D        | Reached skill level 15 in Shields
  7128 | D        | Reached skill level 15 in Evocations
  7134 | D        | Slain by a white ugly thing

Levels and vault maps discovered:
D:        linesprint [early_d, line_temple, items_1, d_10, items_2, lair_1,
          lair_end, items_3, orc_1, orc_end, items_4, d_15, swamp_1, shoals_1,
          snake_1, spider_1, d_20, vaults_1, items_5, swamp_end, shoals_end,
          snake_end, spider_end, vaults_end, d_27, items_6, zot_1, zot_end,
          crypt_end, forest_end, elf_end, slime_end, tomb_end, abyss_end,
          pan_hell_end]

Skill      XL: |  1  2  3  4  5  6  7  8  9 10 11 12 13 14 |
---------------+-------------------------------------------+-----
Spellcasting   | 5 6 7 8 9 10 11 13 14 15 | 15.6
Invocations    | 1 3 4 6 7 9 10 11 13 14 16 | 16.1
Short Blades   | 1 3 4 5 7 8 9 10 12 13 15 | 15.0
Long Blades    | 1 3 4 5 7 8 9 10 12 13 15 | 15.0
Axes           | 1 3 4 5 7 8 9 10 12 13 15 | 15.0
Maces & Flails | 1 3 4 5 7 8 9 10 12 13 15 | 15.0
Polearms       | 1 3 4 5 7 8 9 10 12 13 15 | 15.0
Staves         | 1 3 4 5 7 8 9 10 12 13 15 | 15.0
Slings         | 1 3 4 5 7 8 9 10 12 13 15 | 15.0
Bows           | 1 3 4 5 7 8 9 10 12 13 15 | 15.0
Crossbows      | 1 3 4 5 7 8 9 10 12 13 15 | 15.0
Throwing       | 1 3 4 5 7 8 9 10 12 13 15 | 15.0
Armour         | 1 3 4 5 7 8 9 10 12 13 15 | 15.0
Stealth        | 1 3 4 5 7 8 9 10 12 13 15 | 15.0
Shields        | 1 3 4 5 7 8 9 10 12 13 15 | 15.0
Evocations     | 1 3 4 5 7 8 9 10 12 13 15 | 15.0
Conjurations   | 1 2 3 4 5 6 7 9 10 11 12 | 12.9
Hexes          | 1 2 3 4 5 6 7 9 10 11 12 | 12.9
Charms         | 1 2 3 4 5 6 7 9 10 11 12 | 12.9
Summonings     | 1 2 3 4 5 6 7 9 10 11 12 | 12.9
Necromancy     | 1 2 3 4 5 6 7 9 10 11 12 | 12.9
Translocations | 1 2 3 4 5 6 7 9 10 11 12 | 12.9
Fire Magic     | 1 2 3 4 5 6 7 9 10 11 12 | 12.9
Ice Magic      | 1 2 3 4 5 6 7 9 10 11 12 | 12.9
Air Magic      | 1 2 3 4 5 6 7 9 10 11 12 | 12.9
Earth Magic    | 1 2 3 4 5 6 7 9 10 11 12 | 12.9
Poison Magic   | 1 2 3 4 5 6 7 9 10 11 12 | 12.9
Fighting       | 3 4 5 6 7 8 9 11 12 13 15 | 15.1
Transmutations | 4 5 6 7 8 10 11 12 13 | 13.3
Dodging        | 5 6 7 8 9 10 11 12 14 15 | 15.5
Unarmed Combat | 7 8 9 10 11 12 13 14 16 | 16.0

Action                   |  1- 3 |  4- 6 |  7- 9 | 10-12 | 13-15 || total
-------------------------+-------+-------+-------+-------+-------++-------
Melee: Unarmed           |    24 |    30 |    80 |   235 |   192 ||   561
       Staff             |       |       |     2 |     4 |     3 ||     9
       Bite              |       |       |       |    19 |    19 ||    38
       Punch             |       |       |       |     9 |    17 ||    26
 Cast: Sticks to Snakes  |     2 |       |       |       |       ||     2
       Beastly Appendage |     1 |       |       |       |       ||     1
       Spider Form       |     2 |     2 |     2 |       |       ||     6
       Ice Form          |       |       |     3 |     2 |       ||     5
       Statue Form       |       |       |       |     9 |     6 ||    15
       Lightning Bolt    |       |       |       |    36 |    20 ||    56
       Conjure Flame     |       |       |       |     3 |       ||     3
       Deflect Missiles  |       |       |       |     1 |     1 ||     2
       Bolt of Cold      |       |       |       |       |     4 ||     4
       Passage of Golubr |       |       |       |       |     1 ||     1
Invok: Call Merchant     |       |       |     1 |     1 |       ||     2
 Abil: End Transformatio |       |       |       |     1 |       ||     1
  Use: Potion            |       |     2 |     1 |       |     1 ||     4
       Scroll            |       |       |     1 |     2 |     1 ||     4
 Stab: Distracted        |       |       |     1 |     6 |    10 ||    17
       Sleeping          |       |       |     2 |       |       ||     2
  Eat: Ration            |       |       |       |     6 |     2 ||     8
Armor: Robe              |     2 |       |       |     2 |       ||     4
       Skin              |       |     1 |     8 |    80 |   105 ||   194
Dodge: Dodged            |    14 |    40 |    89 |   190 |   232 ||   565
       Deflected         |       |       |       |    14 |     9 ||    23
